 Dungeon Sprint DCSS version 0.20.1-1-g8b1a95d (webtiles) character file.

10100000 galech the Dwarven Barricade (level 27, -4/298 HPs)
             Began as a Deep Dwarf Fighter on Aug 11, 2017.
             Was the Champion of Makhleb.
             Killed from afar by an observer (41 damage)
             ... with a fireball
             ... in the Dungeon (Sprint VIII: "Arena of Blood").
             The game lasted 00:05:09 (101 turns).

galech the Dwarven Barricade (Deep Dwarf Fighter)    Turns: 101, Time: 00:05:09

Health: -4/298     AC: 13    Str: 31    XL:     27
Magic:  37/54      EV: 25    Int: 11    God:    Makhleb [******]
Gold:   0          SH:  0    Dex: 12    Spells: 80/80 levels left

rFire    . . .     SeeInvis .   l - +∞ Axe of Woe
rCold    . . .     Gourm    .   (shield currently unavailable)
rNeg     + . .     Faith    .   b - +0 scale mail
rPois    .         Spirit   .   (no helmet)
rElec    .         Reflect  .   (no cloak)
rCorr    .         Harm     .   (no gloves)
MR       ++++.     NoTele   +   (no boots)
Stlth    ++++++++..             (no amulet)
Regen    0.0/turn               p - +200 ring of slaying
MPRegen  0.4/turn               o - +200 ring of slaying

@: non-regenerating, drained
A: damage resistance, heal wounds, negative energy resistance 1, sense
surroundings 3, no regeneration
a: Heal Wounds, Minor Destruction, Lesser Servant of Makhleb, Major Destruction,
Greater Servant of Makhleb, Renounce Religion


You were in the Dungeon.
You worshipped Makhleb.
Makhleb was exalted by your worship.
You were not hungry.

You visited 1 branch

Inventory:

Hand Weapons
 a - a +0 war axe
 l - the +∞ Axe of Woe (weapon)
   (You found it in the Dungeon)
Armour
 b - a +0 scale mail (worn)
 c - a +0 shield
Jewellery
 m - a +30 ring of slaying
 n - a +30 ring of slaying
 o - a +200 ring of slaying (right hand)
 p - a +200 ring of slaying (left hand)
Scrolls
 k - a scroll of blinking
Potions
 d - a potion of might
 e - a potion of curing
 g - a potion of heal wounds
 h - a potion of haste
 i - 2 potions of magic
 j - a potion of berserk rage
Comestibles
 f - a bread ration


   Skills:
 O Level 27(26.3) Fighting
 O Level 27(26.3) Axes
 O Level 27(26.3) Throwing
 O Level 27(26.3) Armour
 O Level 27(26.3) Dodging
 O Level 27(26.3) Stealth
 O Level 27(26.3) Shields
 O Level 27(26.3) Unarmed Combat
 O Level 27(26.3) Spellcasting
 O Level 27(26.3) Invocations


You had 80 spell levels left.
You didn't know any spells.

Dungeon Overview and Level Annotations

Branches:
Dungeon (1/1)

Altars:
Makhleb

Annotations:
D The Defiler


Innate Abilities, Weirdness & Mutations

You are resistant to damage.
You can heal yourself by infusing magical energy.
You resist negative energy. (rN+)
You passively map a large area around you.
You do not regenerate.


Message History

You open the nine-headed meat hydra like a pillowcase!!!!
You dissect the nine-headed meat hydra like a pig carcass.
You kill the nine-headed meat hydra!
Makhleb accepts your kill.
You hear a shout! x4
You hear a shout! x3
A bolt of negative energy appears from out of thin air!
The bolt of negative energy hits something.
Deactivating autopickup; reactivate with Ctrl-A.
The bolt of negative energy hits you! You partially resist.
You feel drained.
* * * LOW HITPOINT WARNING * * *
You hear a shout! x3
The eight-headed meat hydra calls on the powers of darkness!
The eight-headed meat hydra convulses!
The Defiler convulses!
The eight-headed meat hydra convulses!
Your body is wracked with pain!
* * * LOW HITPOINT WARNING * * *
You hear a shout! x2; You feel something staring at you.
A fireball appears from out of thin air!
The fireball explodes!
The fireball engulfs you!
You die...

, ,,,,
#.#.#...))).........,
,
.#.#......))..D.....
* ,*
#.#.#...%.))@).....#
,, , ,
.#.#....D#..))....#.,
, * , ,
.......D...).....#, ,
, ,*
.......##D#..§..... *
*,,
##..................
*
....####....#§....##*
*
*#......@............
####................
####.......=..... *
############ **


You could see 2 eight-headed meat hydras and The Defiler.

Vanquished Creatures
  Sigmund (D)
  2 hell beasts (D)
  3 greater mummies (D)
  2 wraiths (D)
  13 vampire knights (D)
  29 ogres (D)
  2 two-headed ogres (D)
  5 liches (D)
  A hydra (D)
  42 orcs (D)
  2 phantoms (D)
  4 skeletal warriors (D)
  A large abomination (D)
  6 small abominations (D)
  6 crawling corpses (D)
119 creatures vanquished.

Vanquished Creatures (others)
  A small abomination (D)
  4 crawling corpses (D)
5 creatures vanquished.

Grand Total: 124 creatures vanquished

Notes
Turn   | Place    | Note
-------+----------+-------------------------------------------
     0 | D        | galech the Deep Dwarf Fighter began the quest for the Orb.
     0 | D        | Reached XP level 1. HP: 20/20 MP: 1/1
     2 | D        | Noticed a bag of meat
     3 | D        | Noticed a bag of meat
     3 | D        | Noticed a bag of meat
     4 | D        | Noticed a bag of meat
     9 | D        | Became a worshipper of Makhleb the Destroyer
    10 | D        | Killed a bag of meat
    10 | D        | Reached skill level 15 in Fighting
    10 | D        | Reached skill level 10 in Axes
    10 | D        | Reached XP level 2. HP: 52/52 MP: 2/2
    10 | D        | Reached XP level 3. HP: 60/60 MP: 3/3
    10 | D        | Reached XP level 4. HP: 68/68 MP: 4/4
    10 | D        | Reached XP level 5. HP: 75/75 MP: 5/5
    10 | D        | Reached XP level 6. HP: 84/84 MP: 6/6
    10 | D        | Reached XP level 7. HP: 91/91 MP: 7/7
    10 | D        | Reached XP level 8. HP: 99/99 MP: 8/8
    10 | D        | Gained mutation: You passively map the area around you. [Deep Dwarf growth]
    10 | D        | Reached XP level 9. HP: 106/106 MP: 9/9
    10 | D        | Reached XP level 10. HP: 115/115 MP: 10/10
    10 | D        | Reached XP level 11. HP: 122/122 MP: 11/11
    11 | D        | Killed a bag of meat
    11 | D        | Reached * piety under Makhleb
    11 | D        | Reached XP level 12. HP: 127/136 MP: 12/12
    11 | D        | Killed a bag of meat
    11 | D        | Reached XP level 13. HP: 138/148 MP: 13/13
    12 | D        | Noticed a meat berserker
    12 | D        | Killed a bag of meat
    12 | D        | Gained mutation: You resist negative energy. (rN+) [Deep Dwarf growth]
    12 | D        | Reached XP level 14. HP: 139/160 MP: 14/14
    13 | D        | Noticed a meat berserker
    15 | D        | Noticed a meat berserker
    15 | D        | Killed a meat berserker
    15 | D        | Reached ** piety under Makhleb
    15 | D        | Reached XP level 15. HP: 174/174 MP: 15/15
    18 | D        | Noticed a meat berserker
    18 | D        | Noticed a meat berserker
    18 | D        | Killed a meat berserker
    19 | D        | Killed a meat berserker
    19 | D        | Reached skill level 27 in Shields
    19 | D        | Reached XP level 16. HP: 193/193 MP: 16/16
    19 | D        | Killed a meat berserker
    19 | D        | Reached *** piety under Makhleb
    19 | D        | Reached skill level 27 in Armour
    19 | D        | Reached XP level 17. HP: 207/207 MP: 17/17
    20 | D        | Noticed a meat berserker
    21 | D        | Noticed a large bag of meat
    21 | D        | Killed a meat berserker
    21 | D        | Reached skill level 27 in Fighting
    21 | D        | Reached skill level 27 in Axes
    21 | D        | Reached skill level 5 in Throwing
    21 | D        | Reached skill level 5 in Unarmed Combat
    22 | D        | Reached **** piety under Makhleb
    22 | D        | Reached skill level 10 in Invocations
    22 | D        | Gained mutation: You passively map a large area around you. [Deep Dwarf growth]
    22 | D        | Reached XP level 18. HP: 218/218 MP: 17/28
    23 | D        | Noticed a destroyer
    23 | D        | Noticed a meat berserker
    23 | D        | Noticed a destroyer
    24 | D        | Noticed a meat berserker
    24 | D        | Killed a large bag of meat
    24 | D        | Reached skill level 15 in Stealth
    24 | D        | Reached skill level 10 in Spellcasting
    25 | D        | Noticed a meat berserker
    25 | D        | Noticed a destroyer
    25 | D        | Noticed a meat berserker
    26 | D        | Noticed a meat berserker
    26 | D        | Killed a meat berserker
    26 | D        | Reached skill level 15 in Dodging
    26 | D        | Reached XP level 19. HP: 226/226 MP: 17/35
    26 | D        | Killed a meat berserker
    26 | D        | Reached skill level 15 in Throwing
    26 | D        | Reached skill level 15 in Unarmed Combat
    26 | D        | Killed a destroyer
    26 | D        | Reached ***** piety under Makhleb
    26 | D        | Reached skill level 15 in Spellcasting
    27 | D        | Reached XP level 20. HP: 236/236 MP: 18/40
    28 | D        | Killed a meat berserker
    28 | D        | Noticed a destroyer
    29 | D        | Killed a meat berserker
    29 | D        | Reached skill level 27 in Stealth
    29 | D        | Reached skill level 27 in Invocations
    29 | D        | Reached XP level 21. HP: 244/244 MP: 18/44
    31 | D        | Killed a destroyer
    31 | D        | Reached skill level 27 in Dodging
    31 | D        | Reached XP level 22. HP: 254/254 MP: 18/49
    31 | D        | Killed a destroyer
    31 | D        | Reached ****** piety under Makhleb
    31 | D        | Reached skill level 27 in Throwing
    31 | D        | Reached skill level 27 in Unarmed Combat
    31 | D        | Reached skill level 27 in Spellcasting
    34 | D        | Reached XP level 23. HP: 262/262 MP: 19/54
    35 | D        | Noticed a destroyer
    37 | D        | Killed a destroyer
    38 | D        | Reached XP level 24. HP: 272/272 MP: 20/54
    40 | D        | Noticed a destroyer
    40 | D        | Noticed a large bag of meat
    41 | D        | Killed a destroyer
    41 | D        | Reached XP level 25. HP: 280/280 MP: 21/54
    43 | D        | Noticed a destroyer
    45 | D        | Reached XP level 26. HP: 290/290 MP: 22/54
    46 | D        | Noticed a tyrant
    46 | D        | Killed a tyrant
    46 | D        | Killed a destroyer
    49 | D        | Killed a large bag of meat
    49 | D        | Reached XP level 27. HP: 209/298 MP: 23/54
    50 | D        | Noticed a destroyer
    52 | D        | Noticed a tyrant
    53 | D        | Killed a destroyer
    53 | D        | Killed a destroyer
    61 | D        | Noticed a destroyer
    65 | D        | Noticed a dread
    65 | D        | Noticed an accursed
    65 | D        | Killed a destroyer
    67 | D        | Noticed The Captor
    67 | D        | Noticed a destroyer
    68 | D        | Noticed a tyrant
    70 | D        | Noticed a meat beast
    70 | D        | Noticed a meat beast
    71 | D        | Noticed a destroyer
    73 | D        | Noticed a dread
    73 | D        | Noticed a tyrant
    73 | D        | Noticed an accursed
    73 | D        | Killed The Captor
    73 | D        | Killed a dread
    74 | D        | Killed a meat beast
    74 | D        | Killed a meat beast
    75 | D        | Noticed an accursed
    76 | D        | Noticed a destroyer
    76 | D        | Killed a tyrant
    76 | D        | Killed a tyrant
    77 | D        | Killed a dread
    80 | D        | Noticed a destroyer
    81 | D        | Killed an accursed
    81 | D        | Killed an accursed
    83 | D        | Killed an accursed
    85 | D        | Killed a destroyer
    85 | D        | Killed a destroyer
    85 | D        | Killed a destroyer
    87 | D        | Killed a destroyer
    90 | D        | Noticed a tyrant
    92 | D        | Killed a tyrant
    99 | D        | Noticed The Defiler
    99 | D        | Killed a tyrant
   101 | D        | Killed from afar by an observer

Skill      XL: |  1  2  3  4  5  6  7  8  9 10 11 12 13 14 15 16 17 18 19 20 21 22 |
---------------+-------------------------------------------------------------------+-----
Fighting       | 15 17 18 19 21 24 26 27 | 27.0
Axes           | 10 12 13 14 17 21 24 27 | 27.0
Armour         | 16 19 20 21 23 26 27 | 27.0
Shields        | 17 19 21 22 24 27 | 27.0
Throwing       | 8 13 17 21 25 27 | 27.0
Dodging        | 9 15 20 24 27 | 27.0
Stealth        | 11 18 23 27 | 27.0
Unarmed Combat | 8 13 17 21 25 27 | 27.0
Spellcasting   | 7 12 16 19 23 27 | 27.0
Invocations    | 10 17 23 27 | 27.0

Action                   |  1- 3 |  4- 6 |  7- 9 | 10-12 | 13-15 | 16-18 | 19-21 | 22-24 | 25-27 || total
-------------------------+-------+-------+-------+-------+-------+-------+-------+-------+-------++-------
Melee: Executioner's axe |     1 |       |       |     1 |     4 |     4 |     5 |     5 |    38 ||    58
 Stab: Distracted        |       |       |       |       |       |       |       |       |     1 ||     1
Armor: Scale mail        |       |       |       |       |       |       |       |     1 |     3 ||     4
Dodge: Dodged            |     1 |       |       |       |       |     2 |       |       |    10 ||    13
